 Dungeon Crawl Stone Soup version 0.19.0-20-gbc5f0c6 (webtiles) character file.

116 McCoppin the Sneak (level 5, -14/46 HPs)
             Began as an Octopode Necromancer on Nov 16, 2016.
             Demolished by Sigmund
             ... wielding a +0 scythe
              (24 damage)
             ... on level 2 of the Dungeon.
             The game lasted 00:05:56 (2042 turns).

McCoppin the Sneak (Octopode Necromancer)           Turns: 2042, Time: 00:05:56

Health: -14/46     AC:  1    Str: 13    XL:     5   Next: 0%
Magic:  11/17      EV: 13    Int: 17    God:
Gold:   49         SH:  0    Dex: 13    Spells: 3 memorised, 1 level left

rFire  . . .     SeeInvis .     e - +0 dagger
rCold  . . .     Gourm    .     (no shield)
rNeg   . . .     Faith    .     (helmet restricted)
rPois  .         Spirit   .     (no amulet)
rElec  .         Reflect  .     l - ring of magical power
rCorr  .         Harm     .     (no ring)
MR     .....                    (no ring)
Stlth  ..........               (no ring)
                                (no ring)
                                (no ring)
                                (no ring)
                                (no ring)

@: berserking (expiring), very quick
A: almost no armour, stealthy swim, amphibious, 8 rings, constrict 8, camouflage
1, gelatinous body 1
a: no special abilities


You were on level 2 of the Dungeon.
You were not hungry.

You visited 1 branch of the dungeon, and saw 2 of its levels.

You collected 49 gold pieces.

Inventory:

Hand Weapons
 e - a +0 dagger (weapon)
 n - a -2 short sword
Jewellery
 l - a ring of magical power (left tentacle)
Scrolls
 c - a scroll of teleportation {unknown}
 d - a scroll of remove curse
 g - a scroll of enchant weapon {unknown}
 o - a scroll of immolation {unknown}
 p - a scroll of amnesia
Potions
 i - a potion of ambrosia
 k - a potion of invisibility
 q - a potion of degeneration {unknown}
Books
 a - a book of Necromancy

   Spells                             Type                      Level
   a - Pain                           Necromancy                   1
   b - Animate Skeleton               Necromancy                   1
   c - Vampiric Draining              Necromancy                   3
   d - Regeneration                   Charms/Necromancy            3
   e - Animate Dead                   Necromancy                   4
   f - Control Undead                 Necromancy                   4
Comestibles
 b - 3 bread rations
 m - a meat ration


   Skills:
 + Level 0.0 Fighting
 - Level 2.0 Dodging
 - Level 7.0 Stealth
 - Level 2.0 Spellcasting
 + Level 4.0 Necromancy


You had one spell level left.
You knew the following spells:

 Your Spells              Type           Power        Failure   Level  Hunger
a - Pain                  Necr           ###.         3%          1    #......
b - Vampiric Draining     Necr           ###.......   12%         3    ###....
c - Regeneration          Chrm/Necr      #.........   24%         3    ###....


Dungeon Overview and Level Annotations

Branches:
Dungeon (2/15)

Altars:
Elyvilon
Makhleb
Qazlal
Vehumet
The Shining One

Annotations:
D:2 Sigmund


Innate Abilities, Weirdness & Mutations

You cannot wear most types of armour.
You are very stealthy in the water. (Stealth+)
You are amphibious.
You can wear up to eight rings at the same time.
You can use your tentacles to constrict eight enemies at once.
Your skin changes colour to match your surroundings (Stealth+).
Your rubbery body absorbs attacks. (AC +1, EV +1)


Message History

Deactivating autopickup; reactivate with Ctrl-A.
Unknown command.
Casting: Vampiric Draining
Confirm with . or Enter, or press ? or * to list all spells.
You can't see any susceptible monsters within range! (Use Z to cast anyway.) Unknown command.
Unknown command.
Casting: Vampiric Draining
Confirm with . or Enter, or press ? or * to list all spells.
Okay, then.
Wield which item (- for none, * to show all)? (? for menu, Esc to quit)
Okay, then.
A red film seems to cover your vision as you go berserk!
You feel yourself moving faster!
You feel mighty! Something hits you.
You miss something. Something hits you!
* * * LOW HITPOINT WARNING * * *
You hit something but do no damage. You hit something. Something hits you!!
Ouch! That really hurt!
You die...

.#......#### ##.###+
.#.........###### #.....
.######.##......## ###.##
'###....<#.####..## ######.#
..##.###.#.###8..8## #......##
..##.# #.#.##.....8# #....##..
..##.# #.#.####..### #....##..
.###.###.#.##....†.# #.....'.. .#
#.....#.####.@### #....##..
.#########.##_...{.# #....##..
.).........####..### ###.###..
#..########## .... #.# #..
##.####.....###..# ########.# #..
#...).......# .... #........#####
............# .__# #........#....
#...........########....[........
##........##.# #.#.#.........####


There were no monsters in sight!

Vanquished Creatures
  Terence (D:2)
  Ijyb (D:2)
  2 adders (D:2)
  3 worms (D:2)
  A leopard gecko (D:1)
  10 bats
  2 giant cockroaches (D:2)
  3 goblins
  2 hobgoblins
  A ball python (D:1)
  5 frilled lizards
  6 kobolds
  3 rats
40 creatures vanquished.

Notes
Turn   | Place    | Note
-------+----------+-------------------------------------------
     0 | D:1      | McCoppin the Octopode Necromancer began the quest for the Orb.
     0 | D:1      | Reached XP level 1. HP: 11/11 MP: 3/3
    63 | D:1      | Reached skill level 3 in Stealth
   337 | D:1      | Reached XP level 2. HP: 17/17 MP: 5/5
   436 | D:1      | Reached skill level 4 in Stealth
  1106 | D:2      | Reached XP level 3. HP: 20/21 MP: 6/6
  1139 | D:2      | Reached skill level 5 in Stealth
  1316 | D:2      | Found a stormy altar of Qazlal.
  1359 | D:2      | Noticed Ijyb
  1376 | D:2      | Killed Ijyb
  1376 | D:2      | Reached skill level 6 in Stealth
  1376 | D:2      | Reached XP level 4. HP: 26/27 MP: 1/7
  1388 | D:2      | Learned a level 3 spell: Vampiric Draining
  1393 | D:2      | Learned a level 3 spell: Regeneration
  1803 | D:2      | Noticed Terence
  1808 | D:2      | Found a radiant altar of Vehumet.
  1816 | D:2      | Killed Terence
  1816 | D:2      | Reached skill level 7 in Stealth
  1888 | D:2      | Reached XP level 5. HP: 31/31 MP: 8/8
  1921 | D:2      | Noticed Sigmund
  2033 | D:2      | Found a white marble altar of Elyvilon.
  2033 | D:2      | Found a burning altar of Makhleb.
  2033 | D:2      | Found a glowing golden altar of the Shining One.
  2042 | D:2      | Demolished by Sigmund

Skill      XL: |  1  2  3  4 |
---------------+-------------+-----
Stealth        | 3 4 6 7 |  7.0
Dodging        | |  2.0
Spellcasting   | |  2.0
Necromancy     | |  4.0

Action                   |  1- 3 |  4- 6 || total
-------------------------+-------+-------++-------
Melee: Dagger            |    32 |    10 ||    42
       Unarmed           |     6 |       ||     6
       Tentacles         |    18 |     3 ||    21
       Constrict         |    16 |    12 ||    28
       Short sword       |    32 |    26 ||    58
 Cast: Pain              |    10 |       ||    10
       Vampiric Draining |       |     5 ||     5
  Use: Potion            |     2 |     1 ||     3
       Scroll            |       |     5 ||     5
 Stab: Sleeping          |     6 |     7 ||    13
  Eat: Chunk             |     1 |     3 ||     4
Armor: Skin              |    11 |     6 ||    17
Dodge: Dodged            |    55 |    28 ||    83
